 Dungeon Crawl Stone Soup version 0.21.0-22-g11d5b52 (webtiles) character file.

69239 Suckerboh the Devastator (level 14, -12/74 HPs)
             Began as a Deep Elf Fire Elementalist on Jan 16, 2018.
             Was a High Priest of Vehumet.
             Killed from afar by a deep elf annihilator (35 damage)
             ... with a bolt of lightning
             ... on level 1 of the Elven Halls on Jan 18, 2018.
             The game lasted 01:26:42 (29971 turns).

Suckerboh the Devastator (DEFE)                    Turns: 29971, Time: 01:26:43

Health: -12/74     AC: 13    Str: 11    XL:     14   Next: 89%
Magic:  22/36      EV: 15    Int: 30    God:    Vehumet [*****.]
Gold:   431        SH:  8    Dex: 15    Spells: 18/45 levels left

rFire    + . .     SeeInvis +   a - +3 trident of Wealth {freeze, rN++}
rCold    . . .     Gourm    .   s - +0 buckler
rNeg     + + .     Faith    .   R - +1 leather armour {rF+}
rPois    +         Spirit   .   b - +0 mask of the Dragon {MR+ Slay+3 SInv}
rElec    .         Reflect  .   x - +2 cloak of Dramatic Exits {Str+3}
rCorr    .         Harm     .   o - +2 pair of gloves {Str+3}
MR       ++...                  N - +0 pair of boots
Stlth    ++........             Y - amulet of regeneration
HPRegen  0.62/turn              A - +4 ring of intelligence
MPRegen  0.25/turn              E - ring of poison resistance

@: no status effects
A: horns 1, icy blue scales 1, large bone plates 1
a: Renounce Religion


You were on level 1 of the Elven Halls.
You worshipped Vehumet.
Vehumet was extremely pleased with you.
You were hungry.

You visited 4 branches of the dungeon, and saw 21 of its levels.
You also visited: Labyrinth.

You collected 2557 gold pieces.
You spent 2126 gold pieces at shops.

Inventory:

Hand Weapons
 a - the +3 trident of Wealth (weapon) {freeze, rN++}
   (You found it on level 1 of the Lair of Beasts)

   It has been specially enchanted to freeze those struck by it, causing extra
   injury to most foes and up to half again as much damage against particularly
   susceptible opponents.
   It can also slow down cold-blooded creatures.
   It greatly protects you from negative energy.
Armour
 b - the +0 mask of the Dragon (worn) {MR+ Slay+3 SInv}
   (You bought it in a shop on level 2 of the Orcish Mines)

   It affects your accuracy and damage with ranged weapons and melee attacks
   (+3).
   It affects your resistance to hostile enchantments.
   It lets you see invisible.
 k - a +0 cloak of magic resistance
 o - a +2 pair of gloves of strength (worn)
 p - a scarf of cloud immunity
 q - the +2 robe "Ycyenkin" {rElec rF- rC- MP+9}
   (You found it in a labyrinth)

   It makes you vulnerable to fire.
   It makes you vulnerable to cold.
   It insulates you from electricity.
   It affects your magic capacity (+9).
 s - a +0 buckler (worn)
 w - a +2 robe of positive energy
 x - the +2 cloak of Dramatic Exits (worn) {Str+3}
   (You bought it in a shop on level 2 of the Orcish Mines)

   It affects your strength (+3).
 C - +0 steam dragon scales
 I - a +2 robe of fire resistance
 N - a +0 pair of boots (worn)
 R - a +1 leather armour of fire resistance (worn)
Jewellery
 A - a +4 ring of intelligence (left hand)
 E - a ring of poison resistance (right hand)
 X - the ring of Imagi {+Fly Dex+4}
   (You found it on level 6 of the Lair of Beasts)

   [ring of flight]

   It affects your dexterity (+4).
   It lets you fly.
 Y - an amulet of regeneration (around neck)
Wands
 y - a wand of iceblast (5)
 P - a wand of paralysis (15)
 Q - a wand of acid (20)
 U - a wand of digging (13)
 W - a wand of enslavement (22)
Scrolls
 d - 5 scrolls of identify
 e - 5 scrolls of enchant armour
 g - 7 scrolls of amnesia
 l - 3 scrolls of blinking
 m - 2 scrolls of teleportation
 n - 6 scrolls of remove curse
 r - 5 scrolls of magic mapping
 D - 5 scrolls of fog
Potions
 f - 2 potions of haste
 h - 2 potions of cancellation
 i - 3 potions of mutation
 j - 6 potions of curing
 t - 6 potions of brilliance
 u - 4 potions of magic
 v - 2 potions of might
 B - a potion of flight
 F - 6 potions of lignification
 G - 2 potions of agility
Books
 V - a book of Callings

   Spells                             Type                      Level
   a - Summon Small Mammal            Summoning                    1
   b - Call Imp                       Summoning                    2
   c - Call Canine Familiar           Summoning                    3
   d - Summon Guardian Golem          Hexes/Summoning              3
   e - Summon Lightning Spire         Summoning/Air                4
   f - Summon Ice Beast               Ice/Summoning                4
 Z - a book of Party Tricks

   Spells                             Type                      Level
   a - Summon Butterflies             Summoning                    1
   b - Apportation                    Translocation                1
   c - Lesser Beckoning               Translocation                3
   d - Tukima's Dance                 Hexes                        3
   e - Alistair's Intoxication        Transmutation/Poison         5
   f - Invisibility                   Hexes                        6
Miscellaneous
 L - a lamp of fire
 M - a phantom mirror
 T - a fan of gales
Comestibles
 c - 31 rations


   Skills:
 + Level 3.2 Fighting
   Level 0.1 Short Blades
 + Level 1.2 Armour
 + Level 7.0 Dodging
 - Level 2.4 Stealth
 + Level 1.3 Shields
 + Level 16.4 Spellcasting
 * Level 17.1 Conjurations
 + Level 12.8 Fire Magic
 - Level 7.3 Ice Magic
 - Level 6.7 Earth Magic


You had 18 spell levels left.
You knew the following spells:

 Your Spells              Type           Power        Failure   Level  Hunger
a - Flame Tongue          Conj/Fire      #####        0%          1    None
b - Conjure Flame         Conj/Fire      #######.     0%          3    None
c - Sticky Flame          Conj/Fire      #######.     1%          4    None
d - Throw Frost           Conj/Ice       ######       1%          2    None
e - Fireball              Conj/Fire      #######...   1%          5    None
f - Iron Shot             Conj/Erth      #######...   1%          6    ##.....
g - Bolt of Fire          Conj/Fire      #######...   1%          6    ##.....


Dungeon Overview and Level Annotations

Branches:
Dungeon (12/15)            Temple (0/1) D:7            Lair (6/6) D:8
 Shoals (0/4) Lair:3       Spider (0/4) Lair:3        Slime (0/5) Lair:6
    Orc (2/2) D:12            Elf (1/3) Orc:2

Altars:
Elyvilon
Fedhas
Gozag
Nemelex Xobeh
Qazlal
Sif Muna
Trog
Vehumet
Xom
Yredelemnul
The Shining One
Beogh
Jiyva

Shops:
Orc:2 [([%

Annotations:
D:5 1 runed door


Innate Abilities, Weirdness & Mutations

You have a pair of small horns on your head.
You are partially covered in icy blue scales. (AC +2)
You are partially covered in large bone plates. (SH +4)


Message History

2 deep elf archers come into view.
Casting: Fireball
Confirm with . or Enter, or press ? or * to list all spells.
Aiming: Fireball
Press: ? - help, Shift-Dir - straight line, f - deep elf annihilator
Aim: a deep elf annihilator, wielding a short sword The fireball explodes!
The fireball engulfs the deep elf annihilator.
The deep elf annihilator is moderately wounded.
The fireball engulfs the deep elf archer.
The deep elf archer is severely wounded.
The deep elf archer shouts!
The fireball engulfs the deep elf archer.
The deep elf archer is severely wounded.
The deep elf archer unwields an uncursed dagger.
The deep elf archer wields an uncursed shortbow.
The deep elf archer shoots an arrow.
The arrow hits you!
The deep elf annihilator gestures at you while chanting.
The bolt of lightning hits you!
You die...

...ee.... #...# ....e..).
#+## #...# ##...e..).
...## #...# ##.......).
....## #...# #..........
.....## #...# #..........
......###...# #..........
......+.....####@.(...e...
......+........'..........
.)....####.#####.....>..>#
......# #.# ##.......##
......# #.# ##....}##
#....## #.# ##...## ##..##
#.# #### #''# #.# #..#
##'##


You could see a deep elf annihilator, 2 deep elf archers, a deep elf knight and
a deep elf mage.

Vanquished Creatures
  2 orc warlords
  2 stone giants (Orc:1)
  A deep elf death mage (Elf:1)
  A minotaur (Lab)
  A catoblepas (Lair:4)
  2 hydras
  3 two-headed ogres
  A dancing weapon (Elf:1)
  3 death yaks (Lair:4)
  2 orc high priests
  2 deep elf archers (Elf:1)
  3 orc knights
  2 ugly things (D:12)
  2 deep elf magi (Elf:1)
  2 orc sorcerers
  5 elephants (Lair:6)
  7 black mambas
  A torpor snail (Lair:5)
  12 spiny frogs
  A gargoyle (D:12)
  A rime drake (Lair:1)
  9 komodo dragons
  3 trolls (D:12)
  3 merfolk (Lair:3)
  6 polar bears (Lair:6)
  5 slime creatures (D:12)
  6 hornets (Lair:6)
  13 hippogriffs
  12 blink frogs
  7 dream sheep
  2 wraiths
  22 spriggans
  7 wyverns
  A vampire (D:12)
  35 yaks
  9 basilisks
  2 steam dragons
  A soldier ant (D:12)
  10 wargs
  13 water moccasins
  6 sky beasts
  40 orc warriors
  11 porcupines
  Duvessa (D:6)
  2 eyes of draining
  5 ice beasts
  6 black bears
  2 phantoms
  3 boggarts (Lair:6)
  19 wolves
  11 ogres
  3 centaurs
  5 crocodiles
  Blork the orc (D:6)
  3 big kobolds
  11 bullfrogs
  Dowan (D:6)
  4 scorpions
  5 killer bees
  2 howler monkeys
  2 electric eels
  6 crimson imps
  A quasit (D:12)
  3 centaur zombies
  7 jellies
  2 water moccasin simulacra (D:9)
  A bullfrog skeleton (D:10)
  26 orc wizards
  33 orc priests
  8 hounds
  7 hell rats (Lair:3)
  8 iguanas
  8 worker ants
  A killer bee zombie (D:8)
  A bullfrog simulacrum (D:9)
  4 gnolls
  10 river rats (Lair:3)
  17 adders
  A howler monkey skeleton (D:6)
  A hound simulacrum (D:9)
  6 shadow imps
  5 white imps (D:9)
  3 ufetubi (D:9)
  7 oozes
  An adder skeleton (D:9)
  5 worms
  A dart slug (D:2)
  An adder simulacrum (D:9)
  A leopard gecko (D:11)
  133 orcs
  3 ball pythons
  4 giant cockroaches
  8 goblins
  5 hobgoblins
  20 jackals
  16 kobolds
  15 quokkas
  5 bats
  2 frilled lizards
  2 goblin skeletons (D:7)
  2 goblin zombies (D:7)
  2 hobgoblin zombies (D:7)
  2 jackal skeletons (D:5)
  A kobold skeleton (D:7)
  A kobold zombie (D:7)
  A leopard gecko skeleton (D:5)
  2 quokka zombies
  16 rats
780 creatures vanquished.

Vanquished Creatures (collateral kills)
  A jackal (D:8)
1 creature vanquished.

Vanquished Creatures (others)
  2 adders (D:2)
  A bat (D:2)
  A kobold (D:2)
  3 fungi (Lair:6)
  2 plants (Lair:6)
9 creatures vanquished.

Grand Total: 790 creatures vanquished

Notes
Turn   | Place    | Note
-------+----------+-------------------------------------------
     0 | D:1      | Suckerboh the Deep Elf Fire Elementalist began the quest for the Orb.
     0 | D:1      | Reached XP level 1. HP: 10/10 MP: 6/6
   207 | D:1      | Found a sparkling altar of Nemelex Xobeh.
   282 | D:1      | Reached XP level 2. HP: 14/15 MP: 2/8
  1059 | D:2      | Reached XP level 3. HP: 19/19 MP: 10/10
  1076 | D:2      | Found a shimmering altar of Xom.
  1365 | D:2      | Reached skill level 2 in Conjurations
  1805 | D:3      | Reached XP level 4. HP: 16/24 MP: 9/12
  1908 | D:3      | Learned a level 3 spell: Conjure Flame
  1913 | D:3      | Learned a level 4 spell: Sticky Flame
  1971 | D:3      | Found an opulent altar of Gozag.
  1976 | D:3      | Found a radiant altar of Vehumet.
  1978 | D:3      | Found a deep blue altar of Sif Muna.
  1980 | D:3      | Became a worshipper of Vehumet
  2089 | D:3      | Found a stormy altar of Qazlal.
  2249 | D:3      | HP: 1/24 [orc/stone (1)]
  2785 | D:3      | Reached skill level 3 in Conjurations
  2920 | D:3      | Reached XP level 5. HP: 28/28 MP: 8/13
  3225 | D:4      | Reached * piety under Vehumet
  3225 | D:4      | Offered knowledge of Sting by Vehumet.
  3375 | D:4      | Reached skill level 5 in Spellcasting
  3412 | D:4      | Noticed an ogre
  3429 | D:4      | Killed an ogre
  3429 | D:4      | Reached skill level 4 in Conjurations
  3429 | D:4      | Reached XP level 6. HP: 33/33 MP: 5/15
  3928 | D:4      | Reached skill level 5 in Fire Magic
  3928 | D:4      | Reached XP level 7. HP: 37/37 MP: 3/18
  4251 | D:5      | Entered Level 5 of the Dungeon
  4271 | D:5      | Offered knowledge of Throw Frost by Vehumet.
  4271 | D:5      | Reached skill level 5 in Conjurations
  4361 | D:5      | Learned a level 2 spell: Throw Frost
  4410 | D:5      | Found a runed door.
  4411 | D:5      | Reached ** piety under Vehumet
  4418 | D:5      | Learned a level 5 spell: Fireball
  4418 | D:5      | Found a white marble altar of Elyvilon.
  4419 | D:5      | Noticed an angel
  4792 | D:4      | Gained mutation: You occasionally shout uncontrollably at your foes. [potion of mutation]
  4792 | D:4      | Gained mutation: You have sharp fingernails. [potion of mutation]
  4816 | D:4      | Reached skill level 6 in Conjurations
  4854 | D:4      | Lost mutation: You occasionally shout uncontrollably at your foes. [potion of mutation]
  4854 | D:4      | Lost mutation: You have sharp fingernails. [potion of mutation]
  4854 | D:4      | Gained mutation: You are weak. (Str -2) [potion of mutation]
  4854 | D:4      | Gained mutation: You are partially covered in icy blue scales. (AC +2) [potion of mutation]
  4854 | D:4      | Gained mutation: You have a pair of small horns on your head. [potion of mutation]
  4857 | D:4      | Lost mutation: You are weak. (Str -2) [potion of mutation]
  4857 | D:4      | Gained mutation: You are partially covered in large bone plates. (SH +4) [potion of mutation]
  4942 | D:5      | Found a blossoming altar of Fedhas.
  4981 | D:5      | Reached skill level 1 in Fighting
  4987 | D:5      | Reached XP level 8. HP: 15/43 MP: 14/20
  5486 | D:6      | Noticed Blork the orc
  5497 | D:6      | Killed Blork the orc
  5556 | D:6      | You fall through a shaft for 2 floors!
  5723 | D:6      | Offered knowledge of Mephitic Cloud by Vehumet.
  5723 | D:6      | Reached skill level 7 in Conjurations
  6075 | D:6      | Noticed Duvessa
  6075 | D:6      | Noticed Dowan
  6095 | D:6      | Killed Dowan
  6099 | D:6      | Killed Duvessa
  6099 | D:6      | Reached skill level 8 in Conjurations
  6484 | D:6      | Reached *** piety under Vehumet
  6812 | D:7      | Reached XP level 9. HP: 44/47 MP: 13/24
  6884 | D:7      | Offered knowledge of Stone Arrow by Vehumet.
  7259 | D:7      | Reached skill level 9 in Conjurations
  7371 | D:7      | Found a glowing golden altar of the Shining One.
  7603 | D:7      | Found a staircase to the Ecumenical Temple.
  7701 | D:8      | Found a basalt altar of Yredelemnul.
  7702 | D:8      | Found a bloodstained altar of Trog.
  7743 | D:8      | Reached **** piety under Vehumet
  7762 | D:8      | Offered knowledge of Venom Bolt by Vehumet.
  7826 | D:8      | Reached skill level 10 in Spellcasting
  8782 | D:8      | Reached skill level 10 in Conjurations
  8886 | D:8      | Reached XP level 10. HP: 52/52 MP: 23/26
  9014 | D:8      | Found a staircase to the Lair.
  9889 | D:9      | Reached ***** piety under Vehumet
 10024 | D:9      | Found a white marble altar of Elyvilon.
 10050 | D:9      | Offered knowledge of Olgreb's Toxic Radiance by Vehumet.
 10251 | D:9      | Reached skill level 11 in Conjurations
 10714 | D:10     | Entered Level 10 of the Dungeon
 11594 | D:11     | Noticed a two-headed ogre
 11946 | D:11     | Killed a two-headed ogre
 11946 | D:11     | Reached XP level 11. HP: 40/57 MP: 19/29
 12229 | D:11     | Noticed a two-headed ogre
 12246 | D:11     | Killed a two-headed ogre
 12246 | D:11     | Reached skill level 5 in Dodging
 12246 | D:11     | Reached skill level 12 in Conjurations
 12776 | D:11     | Found an opulent altar of Gozag.
 13285 | D:12     | Noticed a four-headed hydra
 13450 | D:12     | Killed a four-headed hydra
 13450 | D:12     | Reached skill level 10 in Fire Magic
 13957 | D:12     | Found a staircase to the Orcish Mines.
 14137 | D:12     | Reached skill level 13 in Conjurations
 14541 | D:12     | Noticed a green ugly thing
 14544 | D:12     | Noticed a red ugly thing
 14562 | D:12     | Killed a green ugly thing
 14627 | D:12     | Killed a red ugly thing
 14627 | D:12     | Reached skill level 1 in Ice Magic
 14844 | D:12     | Reached XP level 12. HP: 40/62 MP: 17/31
 15167 | Orc:1    | Entered Level 1 of the Orcish Mines
 15183 | Orc:1    | Offered knowledge of Iron Shot by Vehumet.
 15209 | D:12     | Learned a level 6 spell: Iron Shot
 15460 | Orc:1    | Found a transporter.
 15472 | Orc:1    | Noticed a stone giant
 15709 | Orc:1    | Killed a stone giant
 15709 | Orc:1    | Reached skill level 1 in Earth Magic
 15955 | Orc:1    | Noticed an orc warlord
 16126 | Lair:1   | Entered Level 1 of the Lair of Beasts
 16169 | Lair:1   | Reached skill level 14 in Conjurations
 17254 | Lair:1   | Got an ichor-stained trident
 17256 | Lair:1   | Identified the cursed +3 trident of Wealth {freeze, rN++} (You found it on level 1 of the Lair of Beasts)
 19122 | Lair:3   | Reached XP level 13. HP: 58/68 MP: 30/33
 19782 | Lair:3   | Reached skill level 15 in Conjurations
 20021 | Lair:3   | Found a staircase to the Shoals.
 20095 | Lair:3   | Found a hole to the Spider Nest.
 20673 | Lair:3   | Offered knowledge of Irradiate by Vehumet.
 20765 | Lair:4   | Reached skill level 5 in Earth Magic
 20765 | Lair:4   | Reached skill level 5 in Ice Magic
 20957 | Lair:3   | Reached skill level 1 in Shields
 23881 | Lair:6   | Entered Level 6 of the Lair of Beasts
 23881 | Lair:6   | Found a viscous altar of Jiyva.
 23881 | Lair:6   | Found a staircase to the Slime Pits.
 23897 | Lair:6   | Reached skill level 15 in Spellcasting
 23969 | Lair:6   | Got a faintly glowing flail
 24181 | Lair:5   | Identified the +12 flail "Ponyoz" {drain, rF- Str+3 Stlth+} (You found it on level 6 of the Lair of Beasts)
 24583 | Lair:6   | Offered knowledge of Lee's Rapid Deconstruction by Vehumet.
 24665 | Lair:6   | Reached XP level 14. HP: 49/74 MP: 23/35
 24679 | Lair:6   | Reached skill level 16 in Conjurations
 26123 | Lair:6   | Got a transparent golden ring
 26273 | Lair:6   | Identified the ring of Imagi {+Fly Dex+4} (You found it on level 6 of the Lair of Beasts)
 26295 | Lair:6   | Upgraded the game from 0.21.0-3-g78d12a8 to 0.21.0-22-g11d5b52
 26930 | Orc:1    | Killed an orc warlord
 27192 | Orc:1    | Found a roughly hewn altar of Beogh.
 27251 | Orc:1    | Found a roughly hewn altar of Beogh.
 27252 | Orc:1    | Noticed a stone giant
 27274 | Orc:1    | Killed a stone giant
 27498 | Orc:2    | Entered Level 2 of the Orcish Mines
 27654 | Orc:2    | Found a staircase to the Elven Halls.
 27700 | Orc:2    | Found a labyrinth entrance.
 27713 | Lab      | Entered a labyrinth
 28131 | Lab      | Identified the Handbook of Captivating Fire
 28149 | Lab      | Got a brightly glowing robe
 28151 | Lab      | Identified the +2 robe "Ycyenkin" {rElec rF- rC- MP+9} (You found it in a labyrinth)
 28305 | Orc:2    | Found a roughly hewn altar of Beogh.
 28580 | Orc:2    | Found a roughly hewn altar of Beogh.
 28787 | Orc:2    | Found a roughly hewn altar of Beogh.
 28840 | Orc:2    | Found a roughly hewn altar of Beogh.
 28960 | Orc:2    | Found Morghis's Food Shop.
 29006 | Orc:2    | Found a roughly hewn altar of Beogh.
 29048 | Orc:2    | Found Plog's Antique Armour Shoppe.
 29071 | Orc:2    | Bought a glowing cloak for 232 gold pieces
 29414 | Orc:2    | Reached skill level 1 in Armour
 29425 | Orc:2    | Offered knowledge of Bolt of Fire by Vehumet.
 29452 | Orc:2    | Noticed an orc warlord
 29468 | Orc:2    | Killed an orc warlord
 29468 | Orc:2    | Reached skill level 17 in Conjurations
 29624 | Orc:2    | Found Xess's Antique Armour Shoppe.
 29628 | Orc:2    | Found Jucyl Iwn's Antique Weapon Emporium.
 29631 | Orc:2    | Found a roughly hewn altar of Beogh.
 29655 | Orc:2    | Bought a jewelled cloak for 370 gold pieces
 29655 | Orc:2    | Bought a fine robe for 222 gold pieces
 29669 | Orc:2    | Identified the +0 robe of Refuge {rF- Int+6} (You bought it in a shop on level 2 of the Orcish Mines)
 29673 | Orc:2    | Identified the +2 cloak of Dramatic Exits {Str+3} (You bought it in a shop on level 2 of the Orcish Mines)
 29696 | Orc:2    | Bought the +0 mask of the Dragon {MR+ Slay+3 SInv} for 1302 gold pieces
 29696 | Orc:2    | Found the +0 mask of the Dragon {MR+ Slay+3 SInv}
 29732 | Orc:2    | Learned a level 6 spell: Bolt of Fire
 29856 | Elf:1    | Entered Level 1 of the Elven Halls
 29971 | Elf:1    | Killed from afar by a deep elf annihilator

Skill      XL: |  1  2  3  4  5  6  7  8  9 10 11 12 13 14 |
---------------+-------------------------------------------+-----
Conjurations   | 2 3 4 6 8 10 11 13 14 15 17 | 17.1
Dodging        | 3 4 6 7 |  7.0
Spellcasting   | 4 5 6 7 9 10 12 13 14 15 16 | 16.4
Fire Magic     | 4 5 6 8 9 10 11 12 | 12.8
Fighting       | 1 2 3 |  3.2
Ice Magic      | 1 4 6 7 |  7.3
Earth Magic    | 4 6 |  6.7
Shields        | 1 |  1.3
Armour         | 1 |  1.2
Short Blades   | |  0.1
Stealth        | |  2.4

Action                   |  1- 3 |  4- 6 |  7- 9 | 10-12 | 13-15 || total
-------------------------+-------+-------+-------+-------+-------++-------
Melee: Dagger            |    35 |    39 |    30 |    66 |       ||   170
       Headbutt          |       |       |     1 |    11 |    10 ||    22
       Trident           |       |       |       |    11 |    72 ||    83
 Cast: Flame Tongue      |    43 |   100 |   267 |   586 |   450 ||  1446
       Sticky Flame      |       |     4 |    33 |   123 |   159 ||   319
       Conjure Flame     |       |     1 |     1 |     3 |       ||     5
       Throw Frost       |       |       |     8 |    17 |     1 ||    26
       Fireball          |       |       |     4 |    24 |    78 ||   106
       Iron Shot         |       |       |       |     6 |    17 ||    23
  Use: Scroll            |       |       |    10 |    15 |    13 ||    38
       Potion            |       |       |     5 |     5 |     4 ||    14
 Stab: Sleeping          |     6 |     1 |       |     1 |       ||     8
  Eat: Chunk             |     3 |     7 |    16 |    26 |    27 ||    79
       Ration            |       |       |       |     2 |     2 ||     4
Armor: Robe              |     7 |    19 |    42 |    78 |    58 ||   204
       Skin              |       |       |       |    25 |       ||    25
       Steam dragon scal |       |       |       |    24 |       ||    24
       Leather armour    |       |       |       |       |     8 ||     8
Dodge: Dodged            |    23 |    57 |    94 |   255 |   270 ||   699
Block: Other             |       |       |    15 |    57 |    53 ||   125
       Buckler           |       |       |       |       |    30 ||    30
